 Dungeon Crawl Stone Soup version 0.31-a0-145-g046c7d2549 (webtiles) character file.

Game seed: 12495332396183789274

5982 pokeman the Thaumaturge (level 10, 0/57 HPs)
             Began as a Deep Elf Hedge Wizard on June 3, 2023.
             Was a Follower of Vehumet.
             Slain by Prince Ribbit (16 damage)
             ... on level 8 of the Dungeon on June 4, 2023.
             The game lasted 00:20:53 (8767 turns).

pokeman the Thaumaturge (Deep Elf Hedge Wizard)     Turns: 8767, Time: 00:20:54

Health: 0/57       AC:  9    Str:  7    XL:     10   Next: 55%
Magic:  7/29       EV: 13    Int: 24    God:    Vehumet [*.....]
Gold:   563        SH:  0    Dex: 14    Spells: 18/36 levels left

rFire   . . .        a - +1 dagger (elec)
rCold   . . .        (no shield)
rNeg    . . .        K - +0 steam dragon scales
rPois   +            l - +0 helmet
rElec   .            k - +0 cloak
rCorr   .            j - +0 pair of gloves
SInv    .            (no boots)
Will    +....        h - amulet of magic regeneration
Stlth   ++           v - ring of poison resistance
HPRegen 0.29/turn    (no ring)
MPRegen 0.61/turn

%: no passive effects
@: no status effects
A: no striking features
a: Renounce Religion


You were on level 8 of the Dungeon.
You worshipped Vehumet.
Vehumet was aware of your devotion.
You visited 2 branches of the dungeon, and saw 10 of its levels.

You collected 563 gold pieces.

Inventory:

Hand Weapons
 a - a +1 dagger of electrocution (weapon)
 E - a +1 short sword of venom
 F - a +2 short sword of pain
Missiles
 D - 4 curare-tipped darts
Armour
 j - a +0 pair of gloves (worn)
 k - a +0 cloak (worn)
 l - a +0 helmet (worn)
 K - +0 steam dragon scales (worn)
Magical Staves
 w - a staff of fire
Jewellery
 h - an amulet of magic regeneration (around neck)
 v - a ring of poison resistance (left hand)
 I - a ring of positive energy
Wands
 y - a wand of flame (39)
 B - a wand of polymorph (10)
 J - a wand of paralysis (4)
Scrolls
 b - a scroll of fog {unknown}
 e - a scroll of fear {unknown}
 f - 5 scrolls of identify {unknown}
 m - 2 scrolls of silence {unknown}
 n - 2 scrolls of blinking {unknown}
 o - 4 scrolls of amnesia {unknown}
 p - 3 scrolls of enchant weapon {unknown}
 r - a scroll of noise {unknown}
 s - a scroll of teleportation {unknown}
 A - a scroll of magic mapping {unknown}
 C - a scroll of acquirement {unknown}
 G - a scroll of enchant armour {unknown}
 H - a scroll of torment {unknown}
Potions
 c - a potion of enlightenment {unknown}
 d - 2 potions of magic
 g - 2 potions of ambrosia {unknown}
 i - 4 potions of degeneration {unknown}
 q - 2 potions of curing {unknown}
 t - 2 potions of might {unknown}
 u - a potion of attraction {unknown}
 x - a potion of mutation {unknown}
 z - a potion of lignification {unknown}


   Skills:
 + Level 4.2 Fighting
 - Level 3.3 Armour
 - Level 3.0 Dodging
 - Level 3.0 Stealth
 * Level 13.6 Spellcasting
 + Level 7.8 Conjurations
 - Level 1.1 Summonings
 - Level 1.1 Necromancy
 - Level 1.1 Translocations
 + Level 7.2 Fire Magic
 - Level 1.1 Air Magic
 - Level 1.0 Poison Magic
 - Level 1.1 Evocations


You had 18 spell levels left.
You knew the following spells:

 Your Spells              Type           Power      Damage    Failure   Level
a - Magic Dart            Conj           100%       1d8       1%          1
b - Mephitic Cloud        Conj/Pois/Air  32%        N/A       2%          3
c - Call Imp              Summ           42%        N/A       3%          2
d - Blink                 Tloc           42%        N/A       3%          2
e - Fireball              Conj/Fire      25%        3d11      4%          5
f - Iskenderun's Battles  Conj           52%        2d10      4%          5

Your spell library contained the following spells:

 Spells                   Type           Power      Damage    Failure   Level
 Kiss of Death            Conj/Necr      100%       2d13      1%          1
 Volatile Blastmotes      Fire/Tloc      72%        2d16      1%          3
 Apportation              Tloc           42%        N/A       2%          1
 Necrotise                Necr           84%        1d8       2%          1
 Summon Small Mammal      Summ           84%        N/A       2%          1
 Hailstorm                Conj/Ice       35%        3d9       2%          3
 Freeze                   Ice            64%        1d7       3%          1
 Slow                     Hex            64%        N/A       3%          1
 Cigotuvi's Dreadful Rot  Necr/Pois/Air  42%        N/A       3%          2
 Iskenderun's Mystic Bla  Conj/Tloc      37%        2d9       6%          4
 Vampiric Draining        Necr           21%        2d7       7%          3
 Fulminant Prism          Conj/Hex       17%        3d10      7%          4
 Frozen Ramparts          Ice            32%        1d5       11%         3
 Anguish                  Hex/Necr       9%         N/A       28%         4
 Cause Fear               Hex            8%         N/A       36%         4
 Agony                    Necr           21%        N/A       54%         5
 Conjure Ball Lightning   Conj/Air       19%        3x3d6     65%         6
 Lee's Rapid Deconstruct  Erth           8%         3d7*      71%         5
 Orb of Destruction       Conj           26%        9d9       77%         7
 Enfeeble                 Hex            8%         N/A       100%        7


Dungeon Overview and Level Annotations

Branches:
Dungeon (9/15)             Temple (1/1) D:7
   Lair: D:8-11         Orc: D:9-12

Altars:
Dithmenos
Gozag
Hepliaklqana
Uskayaw
Vehumet
Wu Jian
Yredelemnul

Shops:
D:5 [   D:6 [

Annotations:
D:3 1 runed translucent door, osoart's ghost, amateur FoFi
D:8 Prince Ribbit


Message History

You feel sick.
You start resting.
You feel sick.
Prince Ribbit comes into view.
A wight comes into view. It is wielding a +2 battleaxe.
You feel sick.
You are no longer poisoned.
Prince Ribbit gives a loud, deep croak!
Prince Ribbit lets out a mournful croak.
A wight comes into view. It is wielding a +4 falchion.
The wight closely misses you. Prince Ribbit hits you!
Prince Ribbit attacks as you move away! Prince Ribbit hits you!
* * * LOW HITPOINT WARNING * * *
There is a stone staircase leading up here.
Prince Ribbit barely misses you.
You climb upwards.
There is a stone staircase leading down here.
Unknown command.
Unknown command.
Casting: Fireball (dangerous; 4% risk of failure)
Confirm with . or Enter, or press ? or * to list all spells.
Aiming: Mephitic Cloud (dangerous; 2% risk of failure)
Press: ? - help, Shift-Dir - straight line, f - Prince Ribbit
Aim: Prince Ribbit (chance to affect: 72%)
The ball explodes into a vile cloud!
The stinking cloud engulfs Prince Ribbit but does no damage.
The stinking cloud engulfs you but does no damage.
Prince Ribbit is engulfed in noxious fumes.
Prince Ribbit appears confused.
Prince Ribbit hits you but does no damage.
Prince Ribbit is engulfed in noxious fumes.
Prince Ribbit appears confused.
Prince Ribbit barely misses you.
Unknown command.
Unknown command.
You catch the helpless Prince Ribbit completely off-guard!
You puncture Prince Ribbit!
Prince Ribbit is moderately wounded.
Prince Ribbit is engulfed in noxious fumes.
Prince Ribbit hits you!
You die...

####.## #.......##.#
###......# #..#
#..)....##.###........#
##.###.).....##.##..#......#
#...........#.....#########
######..###.....###
##)###.....#
#######[#.......#
#####...).....☼○....#
......#####.##☼F@...#
....)## #.##..○...#####
.)...# #.##..........#
.....# #.#######...#.#
.....# #.# ###...#.# .....#
##.# #.....### .....#
#..#####.#...# .....#
#........#...# .....#
##############


You could see Prince Ribbit (confused).

Vanquished Creatures
  A kobold demonologist (D:6)
  An unseen horror (D:8)
  2 hornets
  6 yaks (D:7)
  A wyvern (D:6)
  A steam dragon (D:8)
  A sky beast (D:6)
  An orc warrior (D:8)
  2 ice beasts
  2 black bears
  2 ogres
  A centaur (D:5)
  12 kobold brigands
  3 bullfrogs
  A gnoll sergeant (D:7)
  3 scorpions
  18 wights
  5 howler monkeys
  4 hounds
  5 orc priests
  2 jellies
  3 iguanas
  7 orc wizards
  Robin (D:2)
  4 gnolls (D:7)
  5 adders
  A shadow imp (D:8)
  An ufetubus (D:4)
  A worm (D:2)
  The ghost of rinse the Sneak, a weakling KoDe (D:6)
  4 dart slugs
  10 orcs
  7 ball pythons
  5 bats
  4 endoplasms
  4 giant cockroaches
  18 goblins
  12 hobgoblins
  3 jackals (D:1)
  3 quokkas
  6 frilled lizards
  18 kobolds
  7 rats
199 creatures vanquished.

Vanquished Creatures (collateral kills)
  A goblin (D:2)
1 creature vanquished.

Vanquished Creatures (others)
  A kobold brigand (D:6)
1 creature vanquished.

Grand Total: 201 creatures vanquished

Notes
Turn   | Place    | Note
-------+----------+-------------------------------------------
     0 | D:1      | pokeman the Deep Elf Hedge Wizard began the quest for the
                  | Orb.
     0 | D:1      | Reached XP level 1. HP: 10/10 MP: 7/7
   264 | D:1      | Reached XP level 2. HP: 16/16 MP: 4/9
   612 | D:1      | Reached skill level 5 in Spellcasting
   813 | D:1      | Reached XP level 3. HP: 20/20 MP: 9/11
   817 | D:1      | Learned a level 3 spell: Mephitic Cloud
   820 | D:1      | Learned a level 2 spell: Call Imp
   823 | D:1      | Learned a level 2 spell: Blink
  1343 | D:2      | Reached skill level 1 in Armour
  1343 | D:2      | Noticed Robin
  1414 | D:2      | Killed Robin
  1415 | D:2      | Reached skill level 1 in Fighting
  1608 | D:2      | Reached XP level 4. HP: 25/25 MP: 9/13
  2345 | D:3      | Upgraded the game from 0.31-a0-142-g31f6795574 to
                  | 0.31-a0-145-g046c7d2549
  2627 | D:3      | Found a faded altar of an unknown god.
  2631 | D:3      | Found a shadowy altar of Dithmenos.
  2659 | D:3      | Found a runed translucent door.
  2660 | D:3      | Noticed osoart's ghost (amateur FoFi)
  2725 | D:3      | Reached skill level 6 in Spellcasting
  2725 | D:3      | Reached XP level 5. HP: 14/29 MP: 7/15
  2731 | D:3      | Learned a level 5 spell: Fireball
  3183 | D:4      | Identified the +0 ring mail of Bad Feelings {Harm Str+5}
  4237 | D:5      | Entered Level 5 of the Dungeon
  4369 | D:5      | Reached skill level 1 in Necromancy
  4369 | D:5      | Reached skill level 1 in Fire Magic
  4369 | D:5      | Reached skill level 1 in Poison Magic
  4417 | D:5      | Reached XP level 6. HP: 34/34 MP: 15/17
  4456 | D:5      | Found an opulent altar of Gozag.
  4458 | D:5      | Reached skill level 1 in Air Magic
  4561 | D:5      | Reached skill level 1 in Evocations
  4578 | D:5      | Reached skill level 7 in Spellcasting
  4587 | D:5      | Reached XP level 7. HP: 30/38 MP: 19/19
  4645 | D:5      | Found Lifoggut's Armour Shop.
  4917 | D:6      | Learned a level 5 spell: Iskenderun's Battlesphere
  5051 | D:6      | Reached skill level 8 in Spellcasting
  5308 | D:6      | Noticed a wyvern
  5336 | D:6      | Killed a wyvern
  5337 | D:6      | Reached XP level 8. HP: 10/44 MP: 14/22
  5414 | D:6      | Reached skill level 9 in Spellcasting
  5921 | D:6      | Found Doatz's Antique Armour Shoppe.
  6073 | D:6      | Found a runed translucent gate.
  6074 | D:6      | Found a runed translucent gate.
  6075 | D:6      | Found a runed translucent gate.
  6075 | D:6      | Noticed rinse's ghost (weakling KoDe)
  6079 | D:6      | Noticed a kobold demonologist
  6212 | D:6      | Reached skill level 5 in Conjurations
  6477 | D:6      | Killed rinse's ghost
  6488 | D:6      | Killed a kobold demonologist
  6489 | D:6      | Reached skill level 10 in Spellcasting
  6494 | D:6      | Reached XP level 9. HP: 17/48 MP: 20/25
  6503 | D:6      | Reached skill level 5 in Fire Magic
  6727 | D:7      | Reached skill level 11 in Spellcasting
  6852 | D:7      | Found an ornate altar of the Wu Jian Council.
  6949 | D:7      | Reached skill level 12 in Spellcasting
  7214 | D:7      | Reached XP level 10. HP: 56/56 MP: 20/28
  7519 | D:7      | Found a staircase to the Ecumenical Temple.
  7529 | Temple   | Entered the Ecumenical Temple
  7536 | Temple   | Became a worshipper of Vehumet
  7963 | D:8      | Reached * piety under Vehumet
  7963 | D:8      | Offered knowledge of Kiss of Death by Vehumet.
  8170 | D:8      | Reached skill level 13 in Spellcasting
  8757 | D:9      | Noticed Prince Ribbit
  8767 | D:8      | Slain by Prince Ribbit

Illustrated notes

Levels and vault maps discovered:
D:1:      sevenhm_arrival_forest_fort_small_4, layout_loops_ring, minivault_5,
          palyth_stone_intersect
D:2:      layout_basic, reono_crystal_passage, st_stairs_1, grunt_ministairs_1,
          uniq_robin
D:3:      layout_loops_ring, nicolae_overflow_ecumenical_swirl,
          hellmonk_ghost_happy_afterlife
D:4:      layout_layer_cave
D:5:      layout_rooms, grunt_gozag_breadcrumbs, serial_shops,
          nicolae_shop_tiny_waterfront
D:6:      layout_layer_cave, gammafunk_ghost_nasty_kobolds, serial_shops,
          nicolae_square_shop
D:7:      layout_basic, nicolae_wu_jian_glorious_leap, temple_hall,
          kennysheep_pointless_box
D:8:      layout_rooms, st_stairs_12, wad_rectangle_vault
D:9:      layout_layer_cave, old_standard_altar, enter_bailey_2,
          nicolae_concentric_dashed_squares_wild, minmay_orc_keep,
          uniq_prince_ribbit1
Temple:   eino_wide_crystal_templ

Skill      XL: |  1  2  3  4  5  6  7  8  9 10 |
---------------+-------------------------------+-----
Spellcasting   | 5 6 7 8 10 12 13 | 13.6
Armour         | 1 3 |  3.3
Fighting       | 1 2 3 4 |  4.2
Conjurations   | 2 3 4 5 7 |  7.8
Dodging        | 3 |  3.0
Stealth        | 3 |  3.0
Necromancy     | 1 |  1.1
Fire Magic     | 1 2 3 4 6 7 |  7.2
Poison Magic   | 1 |  1.0
Air Magic      | 1 |  1.1
Evocations     | 1 |  1.1
Summonings     | |  1.1
Translocations | |  1.1

Action                     |  1- 3 |  4- 6 |  7- 9 | 10-12 || total
---------------------------+-------+-------+-------+-------++-------
  Melee: Dagger            |    18 |    24 |    60 |    20 ||   122
   Cast: Magic Dart        |   103 |   139 |   125 |    33 ||   400
         Mephitic Cloud    |     1 |     6 |    24 |     6 ||    37
         Call Imp          |     1 |       |     7 |       ||     8
         Blink             |       |       |     3 |    11 ||    14
         Fireball          |       |       |     6 |    35 ||    41
         Iskenderun's Batt |       |       |     4 |     1 ||     5
   Stab: Confused          |     1 |     7 |     8 |     3 ||    19
 Armour: Robe              |     7 |    16 |     9 |     7 ||    39
         Steam dragon scal |       |       |       |     1 ||     1
  Dodge: Dodged            |    29 |    33 |    31 |    14 ||   107

Table legend: (Time is in decaauts)
 A = Elapsed time spent in this place.
 B = Non-inter-level travel time spent in this place.
 C = Inter-level travel time spent in this place.
 D = Time resting spent in this place.
 E = Time spent auto-exploring this place.
 F = Levels seen in this place.
 G = Mean time per level.
                   A        B        C        D        E       F      G
               +--------+--------+--------+--------+--------+-----+--------+
         Total |   8779 |   8482 |    297 |    358 |   6708 |  10 |  877.9 |
       Dungeon |   8765 |   8474 |    291 |    358 |   6705 |   9 |  973.9 |
        Temple |     14 |      8 |      6 |      0 |      3 |   1 |   14.0 |
               +--------+--------+--------+--------+--------+-----+--------+

Top non-repeatable levels by time:
     D:6: 1793 daAuts
     D:1: 1372 daAuts
     D:4: 1124 daAuts
     D:8: 1026 daAuts
     D:7: 995 daAuts
     D:2: 982 daAuts
     D:3: 770 daAuts
     D:5: 672 daAuts
     D:9: 27 daAuts
  Temple: 14 daAuts
